Priest Dude, lawful male human Priest ----- |..>| --------- ##-...| #........| # -.--- ###|.......| ### # # ---.----- #` # # ### # ----|---- ### # # # |.......| # -|-----# # #-.......| ----------------# |......# # ###|.......| |..............-# |.....| # #############-.......| |..............|######-..<...#@### ## ### |.......| |...............# |.....| # -.--------- # --------- |..............| ------- ##...........########## ---------------- |.........| |.........| |.....*...| ----------- Priest Dude the Acolyte Experience level: 3 Strength: 15 Dexterity: 10 Constitution: 10 Intelligence: 9 Wisdom: 18 Charisma: 14 Health: 29(29) Energy: 31(31) Def: 2 Gold: 257 Moves: 1980 Dungeon seed: MnDeUmpXI5fGOuYU Game ID: Priest Dude_1554819896 Your Inventory: Coins $ - 257 gold pieces Weapons a - a blessed +2 mace (weapon in hand) Armor e - a +0 robe (being worn) Comestibles d - 2 sprigs of wolfsbane h - a food ration k - a tripe ration Spellbooks f - a spellbook of cure sickness g - a spellbook of cure blindness Potions b - 4 potions of holy water r - a potion of water Tools q - a stethoscope Spells and supernatural/magical abilities: Name Level Category Fail Memory B - cure blindness 2 healing 18% 91% K - cure sickness 3 healing 66% 91% W - pray for help -- divine ? -- X - turn undead -- divine ? -- Your skills at the end: Fighting Skills Weapon Skills mace [Basic] Spellcasting Skills clerical spells [Basic] Final Attributes: You were piously aligned. You survived. Vanquished creatures: 2 large kobolds a giant rat a cave spider a yellow mold a gnome zombie 2 geckos 4 jackals 4 foxes 4 sewer rats 4 grid bugs 4 lichens 2 kobold zombies a newt 31 creatures vanquished. Genocided species: giant eels 1 species genocided. Voluntary challenges: You followed a strict vegan diet. You were an atheist. You used a wielded weapon 22 times, starting on turn 22. You read items or engraved 2 times, starting on turn 577. You genocided 1 type of monster, starting on turn 577. You never polymorphed an object. You never changed form. You used no wishes. You never split a pudding. You never wrote Elbereth's name. You never violated your personal moral code. Dungeon overview: The Dungeons of Doom: levels 1 to 4 Level 1 a long staircase Level 2 Level 3 a sink Level 4 <- You were here History has recorded: On T:1 you entered the Dungeons of Doom to retrieve the Amulet of Yendor! On T:418 you reached level 2 of The Dungeons of Doom. On T:832 you reached level 3 of The Dungeons of Doom. On T:950 you advanced to experience level 2. On T:1137 you advanced to experience level 3. On T:1330 you reached level 4 of The Dungeons of Doom. Score breakdown: Gold: 257 ( 8203 points) Experience: 3 levels ( 7878 points) Exploration: 4 levels ( 8.33%) ( 7579 points) Discoveries: 3 items ( 1.01%) ( 3015 points) Valuables value: (no points given unless you survive) Artifact value: 0 ( 0 points) Variety of kills: 13 monsters ( 3.41%) ( 5541 points) Turncount: 1980 turns ( 0 points) Survival: quit (score multiplied by 90%) Total score: 28994 Latest messages: Never mind. The little dog misses the floating eye. The little dog is frozen by the floating eye's gaze! You are beginning to feel weak. You miss the water nymph. The beautiful water nymph seduces you and you start taking off your helmet. She stole a +0 visored helmet. The water nymph tries to seduce you, but is dismayed by your lack of response. You finish disrobing. You hit the water nymph. The water nymph stole 2 cloves of garlic. That food really hit the spot! You finish eating the food ration. The gecko bites! You miss the gecko. You kill the gecko! The door resists! (3x) The door opens. You stop exploring. You miss the water nymph. The beautiful water nymph seduces you and you take off your shield. She stole a +0 small shield. Final status: Goodbye Priest Dude the Priest, quit... You quit in The Dungeons of Doom on dungeon level 4 with 28994 points, and 257 pieces of gold, after 1980 moves. You were level 3 with a maximum of 29 hit points when you quit.